 Dungeon Crawl Stone Soup version 0.29-a0-284-gf9362112df (webtiles) character file.

Game seed: 168447862248604502

68 cojito the Skirmisher (level 4, 0/37 HPs)
             Began as a Palentonga Fighter on Mar 31, 2022.
             Succumbed to a kobold's poison
             ... on level 2 of the Dungeon.
             The game lasted 00:02:49 (2243 turns).

cojito the Skirmisher (Palentonga Fighter)          Turns: 2243, Time: 00:02:50

Health: 0/37       AC: 10    Str: 22    XL:     4   Next: 1%
Magic:  4/4        EV:  4    Int:  8    God:
Gold:   66         SH:  4    Dex:  9    Spells: 3/3 levels left

rFire   . . .      SeeInvis +   a - +0 rapier
rCold   . . .      Faith    .   c - +0 buckler
rNeg    . . .      Spirit   .   d - +0 plate armour
rPois   .          Reflect  .   (no helmet)
rElec   .          Harm     .   (no cloak)
rCorr   .          Rampage  .   f - +0 pair of gloves
Will    .....                   (no barding)
Stlth   ..........              (no amulet)
HPRegen 0.12/turn               (no ring)
MPRegen 0.09/turn               (no ring)

@: lethally poisoned (0 -> -1)
A: large, rugged brown scales 3, see invisible, deformed body, roll 1, armoured
tail
a: Rolling Charge


You were on level 2 of the Dungeon.
You visited 1 branch of the dungeon, and saw 3 of its levels.

You collected 66 gold pieces.

Inventory:

Hand Weapons
 a - a +0 rapier (weapon)
 b - a +2 dagger of venom
Armour
 c - a +0 buckler (worn)
 d - a +0 plate armour (worn)
 f - a +0 pair of gloves (worn)
Scrolls
 e - 2 scrolls of identify
 g - a scroll of enchant weapon
Potions
 j - a potion of brilliance


   Skills:
 * Level 3.2 Fighting
 * Level 3.0 Short Blades
 + Level 3.0 Armour
 + Level 0.4 Dodging
 + Level 0.1 Stealth
 + Level 2.6 Shields


You had 3 spell levels left.
You didn't know any spells.
Your spell library was empty.

Dungeon Overview and Level Annotations

Branches:
Dungeon (3/15)

Altars:


Innate Abilities, Weirdness & Mutations

You are completely covered in rugged brown scales. (AC +3, +7% HP)
You have supernaturally acute eyesight. (SInv)
Armour fits poorly on your strangely shaped body.
You can roll at nearby foes to attack.
You have a long armoured tail.


Message History

You puncture the kobold!
You kill the kobold!
You feel very sick.
Your Short Blades skill increases to level 3!
You have reached level 4!
You feel stronger.
You feel very sick.
Things that are here:
a +2 dagger of venom; a kobold corpse
b - a +2 dagger of venom You feel very sick.
* * * LOW HITPOINT WARNING * * *
You feel very sick.
* * * LOW HITPOINT WARNING * * *
You feel sick.
* * * LOW HITPOINT WARNING * * *
You feel sick.
Okay, then.
Okay, then.
As you read the scroll labelled JIONGO ZIDONUO, it crumbles to dust.
You speak a Word of immense power!
It was a scroll of holy word.
* * * LOW HITPOINT WARNING * * *
You feel sick.
As you read the scroll labelled PESIUM ZAISU, it crumbles to dust.
You feel strangely unstable.
It was a scroll of teleportation.
* * * LOW HITPOINT WARNING * * *
You feel sick.
* * * LOW HITPOINT WARNING * * *
You feel sick.
There is an escape hatch in the floor here.
You stop descending the stairs.
Your surroundings suddenly seem different.
Found 2 scrolls of identify.
* * * LOW HITPOINT WARNING * * *
You feel sick.
* * * LOW HITPOINT WARNING * * *
You feel sick.
You see here a scroll of identify.
e - 2 scrolls of identify (gained 1)
You die...

####.#<....#...
#?#
#.##..##.###
#.# # #..##.##.
#.# #.....##.
##.## ##<#####.
#... #.......
#..# ########
#..# #@.#
######## #...#
.......# .....#
######.#
...#...# ####
#.# #.##.#.###
.... ##.# # #
#.# #### #..#
#.. #..# ###
#..#


There were no monsters in sight!

Vanquished Creatures
  A hound (D:2)
  An adder (D:3)
  A dart slug (D:1)
  2 ball pythons
  2 giant cockroaches
  4 goblins
  A hobgoblin (D:1)
  2 quokkas
  3 bats (D:1)
  3 frilled lizards (D:1)
  5 kobolds
  2 rats (D:1)
27 creatures vanquished.

Notes
Turn   | Place    | Note
-------+----------+-------------------------------------------
     0 | D:1      | cojito the Palentonga Fighter began the quest for the Orb.
     0 | D:1      | Reached XP level 1. HP: 19/19 MP: 1/1
   504 | D:1      | Reached XP level 2. HP: 25/25 MP: 2/2
   854 | D:1      | Found a faded altar of an unknown god.
  1510 | D:3      | Reached XP level 3. HP: 16/31 MP: 3/3
  2233 | D:2      | Reached XP level 4. HP: 21/37 MP: 4/4
  2242 | D:2      | HP: 1/37 [poisoned by a kobold]
  2243 | D:2      | Succumbed to a kobold's poison

Illustrated notes

Levels and vault maps discovered:
D:1:      lightli_arrival_lavapool, layout_basic,
          shapermc_ecumenical_altar_pompeii, serial_bayou_pond_c
D:2:      layout_loops_ring, eino_curves_02, grunt_ministairs_3, minmay_domino_2
D:3:      kennysheep_the_goblin_king, layout_basic, minmay_misc_feat_diagonals,
          minmay_misc_feat_enclosed, minmay_misc_feat_x

Skill      XL: |  1  2  3 |
---------------+----------+-----
Armour         | 3 |  3.0
Short Blades   | 3 |  3.0
Fighting       | |  3.2
Dodging        | |  0.4
Stealth        | |  0.1
Shields        | |  2.6

Action                   |  1- 3 |  4- 6 || total
-------------------------+-------+-------++-------
Melee: Rapier            |   126 |       ||   126
       Tailslap          |    10 |       ||    10
 Abil: Rolling Charge    |     4 |       ||     4
  Use: Scroll            |     2 |     2 ||     4
       Potion            |     1 |       ||     1
Armor: Scale mail        |    68 |       ||    68
       Plate armour      |     3 |       ||     3
Dodge: Dodged            |    46 |       ||    46
Block: Buckler           |    18 |       ||    18

Table legend: (Time is in decaauts)
 A = Elapsed time spent in this place.
 B = Non-inter-level travel time spent in this place.
 C = Inter-level travel time spent in this place.
 D = Time resting spent in this place.
 E = Time spent auto-exploring this place.
 F = Levels seen in this place.
 G = Mean time per level.
                   A        B        C        D        E       F      G
               +--------+--------+--------+--------+--------+-----+--------+
         Total |   2260 |   2232 |     28 |    743 |   1103 |   3 |  753.3 |
       Dungeon |   2260 |   2232 |     28 |    743 |   1103 |   3 |  753.3 |
               +--------+--------+--------+--------+--------+-----+--------+

Top non-repeatable levels by time:
     D:1: 1411 daAuts
     D:3: 504 daAuts
     D:2: 344 daAuts
